 Dungeon Crawl Stone Soup version 0.28-a0-769-g550dbda0cd (webtiles) character file.

Game seed: 18432633851406435692

104 porpoise the Conjurer (level 4, -6/24 HPs)
             Began as a Deep Elf Conjurer on Nov 1, 2021.
             Mangled by Sigmund (8 damage)
             ... on level 2 of the Dungeon.
             The game lasted 00:07:04 (2218 turns).

porpoise the Conjurer (Deep Elf Conjurer)           Turns: 2218, Time: 00:07:05

Health: -6/24      AC:  3    Str:  4    XL:     4   Next: 52%
Magic:  1/13       EV: 12    Int: 24    God:
Gold:   38         SH:  0    Dex: 13    Spells: 10/13 levels left

rFire   . . .      SeeInvis .   a - +2 mace (protect)
rCold   . . .      Faith    .   (no shield)
rNeg    . . .      Spirit   .   b - +0 robe
rPois   .          Reflect  .   (no helmet)
rElec   .          Harm     .   j - +0 cloak
rCorr   .          Rampage  .   (no gloves)
Will    .....                   (no boots)
Stlth   ++........              (no amulet)
HPRegen 0.08/turn               (no ring)
MPRegen 0.13/turn               (no ring)

@: no status effects
A: no striking features
a: no special abilities


You were on level 2 of the Dungeon.
You visited 1 branch of the dungeon, and saw 2 of its levels.

You collected 48 gold pieces.
You spent 10 gold pieces at shops.

Inventory:

Hand Weapons
 a - a +2 mace of protection (weapon)
 k - a +2 whip of holy wrath
Missiles
 c - 13 poisoned darts
 g - 2 stones
Armour
 b - a +0 robe (worn)
 j - a +0 cloak (worn)
Scrolls
 d - a scroll of fear {unknown}
 e - a scroll of blinking {unknown}
 f - a scroll of summoning {unknown}
 h - 2 scrolls of identify {unknown}
Potions
 i - a potion of flight {unknown}


   Skills:
 - Level 2.4 Dodging
 - Level 2.4 Stealth
 + Level 5.1 Spellcasting
 + Level 5.6 Conjurations


You had 10 spell levels left.
You knew the following spells:

 Your Spells              Type           Power      Damage    Failure   Level
a - Magic Dart            Conj           100%       1d8       1%          1
b - Searing Ray           Conj           66%        2d6       1%          2

Your spell library contained the following spells:

 Spells                   Type           Power      Damage    Failure   Level
 Dazzling Flash           Conj/Hex       38%        N/A       9%          3
 Fulminant Prism          Conj/Hex       9%         3d7       28%         4
 Iskenderun's Mystic Bla  Conj/Tloc      19%        2d6       28%         4


Dungeon Overview and Level Annotations

Branches:
Dungeon (2/15)

Altars:

Shops:
D:2 !

Annotations:
D:2 Sigmund


Message History

Casting: Magic Dart (safe; 1% risk of failure)
Confirm with . or Enter, or press ? or * to list all spells.
Aiming: Searing Ray (safe; 1% risk of failure)
Press: ? - help, Shift-Dir - straight line The searing ray hits something! (Press . to maintain the ray.)
A puff of flame appears from out of thin air!
The puff of flame hits you!
The searing ray hits something.
You finish channelling your searing ray.
Something barely misses you.
Casting: Searing Ray (safe; 1% risk of failure)
Confirm with . or Enter, or press ? or * to list all spells.
Aiming: Searing Ray (safe; 1% risk of failure)
Press: ? - help, Shift-Dir - straight line (Press . to maintain the ray.)
The searing ray hits something!
Something hits you. Something hits you!
* * * LOW HITPOINT WARNING * * *
You finish channelling your searing ray.
Casting: Searing Ray (safe; 1% risk of failure)
Confirm with . or Enter, or press ? or * to list all spells.
Aiming: Searing Ray (safe; 1% risk of failure)
Press: ? - help, Shift-Dir - straight line (Press . to maintain the ray.)
Something hits you but does no damage.
You hear some strange, mumbled words.
Something tries to affect you, but you resist.
The searing ray hits something.
Something completely misses you.
You barely miss something.
Sigmund appears from thin air!
Reactivating autopickup.
Sigmund mumbles some strange words.
Sigmund flickers and vanishes!
Deactivating autopickup; reactivate with Ctrl-A.
Something barely misses you.
You hit something.
Your weapon exudes an aura of protection.
You closely miss something. Something hits you but does no damage.
You barely miss something. Something hits you!
You die...

### ..# ## #.# #####
#. #.# #...# #.
#.###########...####.
#.†{@....>...........
#.###########...####.
#.#.......# #...# #.
#.........# ########.
#>........+ ........
#.#.......# ####...
#†#....†..# #...
#.#.......# ####
#.#.......#


There were no monsters in sight!

Vanquished Creatures
  Crazy Yiuf (D:2)
  2 adders (D:2)
  A worm (D:2)
  2 dart slugs
  7 ball pythons (D:1)
  5 endoplasms
  5 giant cockroaches
  8 goblins
  4 hobgoblins (D:1)
  A quokka (D:1)
  3 bats
  4 frilled lizards
  2 kobolds (D:1)
  2 rats (D:2)
47 creatures vanquished.

Vanquished Creatures (others)
  A fungus (D:2)
1 creature vanquished.

Grand Total: 48 creatures vanquished

Notes
Turn   | Place    | Note
-------+----------+-------------------------------------------
     0 | D:1      | porpoise the Deep Elf Conjurer began the quest for the Orb.
     0 | D:1      | Reached XP level 1. HP: 10/10 MP: 6/6
   266 | D:1      | Reached XP level 2. HP: 15/15 MP: 3/8
   309 | D:1      | Learned a level 2 spell: Searing Ray
   689 | D:1      | Reached skill level 5 in Conjurations
   689 | D:1      | Reached XP level 3. HP: 19/19 MP: 6/10
   980 | D:1      | Found a faded altar of an unknown god.
  1529 | D:2      | Found Asullir's Distillery.
  1538 | D:2      | Bought a potion of degeneration for 10 gold pieces
  1794 | D:2      | Reached XP level 4. HP: 24/24 MP: 9/12
  1883 | D:2      | Found a runed translucent door.
  1884 | D:2      | Noticed Crazy Yiuf
  1890 | D:2      | Killed Crazy Yiuf
  1891 | D:2      | Reached skill level 5 in Spellcasting
  2190 | D:2      | Noticed Sigmund
  2218 | D:2      | Mangled by Sigmund

Illustrated notes

Levels and vault maps discovered:
D:1:      psy_arrival_whirlpool, layout_basic, serial_forest,
          infiniplex_forest_lined_room_, infiniplex_forest_straight_1,
          infiniplex_forest_lined_2, infiniplex_forest_lined_room_3,
          infiniplex_forest_straight_1, ebering_ecumenical_altar_hall, hex_tiny,
          minmay_tromino_v2
D:2:      layout_basic, serial_shops, shop, uniq_crazy_yiuf_cottage,
          uniq_sigmund

Skill      XL: |  1  2  3  4 |
---------------+-------------+-----
Spellcasting   | 4 5 |  5.1
Conjurations   | 5 |  5.6
Dodging        | |  2.4
Stealth        | |  2.4

Action                   |  1- 3 |  4- 6 || total
-------------------------+-------+-------++-------
Melee: Mace              |       |     4 ||     4
 Cast: Magic Dart        |    55 |     4 ||    59
       Searing Ray       |    10 |     6 ||    16
Armor: Robe              |     2 |     3 ||     5
Dodge: Dodged            |    10 |     3 ||    13

Table legend: (Time is in decaauts)
 A = Elapsed time spent in this place.
 B = Non-inter-level travel time spent in this place.
 C = Inter-level travel time spent in this place.
 D = Time resting spent in this place.
 E = Time spent auto-exploring this place.
 F = Levels seen in this place.
 G = Mean time per level.
                   A        B        C        D        E       F      G
               +--------+--------+--------+--------+--------+-----+--------+
         Total |   2222 |   2189 |     33 |   1056 |    856 |   2 | 1111.0 |
       Dungeon |   2222 |   2189 |     33 |   1056 |    856 |   2 | 1111.0 |
               +--------+--------+--------+--------+--------+-----+--------+

Top non-repeatable levels by time:
     D:1: 1276 daAuts
     D:2: 945 daAuts
